 Dungeon Crawl Stone Soup version 0.26.1-11-gd32895ea62 (webtiles) character file.

Game seed: 11102122742609070008

3818 rhet the Bolt Thrower (level 9, -2/71 (75) HPs)
             Began as a Demigod Hunter on June 26, 2021.
             Slain by a two-headed ogre
             ... wielding a +0 giant spiked club
              (27 damage)
             ... on level 9 of the Dungeon.
             The game lasted 00:24:37 (10595 turns).

rhet the Bolt Thrower (Demigod Hunter)             Turns: 10595, Time: 00:24:38

HP:   -2/71 (75)    AC:  7    Str: 21    XL:     9   Next: 65%
MP:   11/11         EV: 15    Int: 15    God:
Gold: 455           SH:  0    Dex: 16    Spells: 8/8 levels left

rFire    . . .     SeeInvis .   u - +3 falchion (holy)
rCold    . . .     Faith    .   (no shield)
rNeg     . . .     Spirit   .   s - +0 leather armour
rPois    +         Reflect  .   J - +1 helmet
rElec    .         Harm     .   w - +1 cloak
rCorr    +         Rampage  .   (no gloves)
Will     .....                  (no boots)
Stlth    +++.......             p - amulet of regeneration
HPRegen  0.61/turn              g - ring of poison resistance
MPRegen  0.12/turn              E - ring of resist corrosion

@: drained
A: high mp 1
a: no special abilities


You were on level 9 of the Dungeon.
You visited 2 branches of the dungeon, and saw 10 of its levels.

You collected 455 gold pieces.

Inventory:

Hand Weapons
 a - a +2 hand crossbow
 b - a +0 short sword
 c - a +3 dagger
 h - a +0 hunting sling
 r - a +0 mace
 u - a +3 falchion of holy wrath (weapon)
 y - a +4 flail of holy wrath
Missiles
 d - 57 bolts
Armour
 s - a +0 leather armour (worn)
 w - a +1 cloak (worn)
 J - a +1 helmet (worn)
Jewellery
 g - a ring of poison resistance (left hand)
 i - a +6 ring of strength {unknown}
 p - an amulet of regeneration (around neck)
 B - an uncursed ring of wizardry {unknown}
 C - a cursed ring of teleportation {unknown}
 D - an uncursed ring of fire
 E - a ring of resist corrosion (right hand)
 K - a cursed amulet of inaccuracy {unknown}
Wands
 x - a wand of polymorph (7)
 G - a wand of iceblast (3)
Scrolls
 f - 4 scrolls of remove curse
 j - 2 scrolls of amnesia
 k - a scroll of teleportation
 l - 2 scrolls of enchant weapon
 m - 3 scrolls of immolation
 n - a scroll of enchant armour
 q - a scroll of random uselessness {unknown}
 F - a scroll of magic mapping
 H - a scroll of noise {unknown}
 L - 2 scrolls of identify
Potions
 e - a potion of flight {unknown}
 o - 3 potions of mutation
 A - a potion of brilliance {unknown}


   Skills:
 + Level 6.3 Fighting
 - Level 0.2(3.4) Short Blades
 * Level 5.7 Long Blades
 - Level 0.7 Maces & Flails
 + Level 7.6 Crossbows
 + Level 5.4 Dodging
 + Level 5.8 Stealth


You had 8 spell levels left.
You didn't know any spells.
Your spell library contained the following spells:

 Spells                   Type           Power        Failure   Level
 Corona                   Hex            0%           30%         1
 Ensorcelled Hibernation  Hex/Ice        0%           43%         2
 Confusing Touch          Hex            0%           67%         3
 Dazzling Flash           Conj/Hex       0%           67%         3
 Tukima's Dance           Hex            0%           67%         3


Dungeon Overview and Level Annotations

Branches:
Dungeon (9/15)             Temple (1/1) D:4            Lair (0/6) D:9
    Orc: D:9-12

Shops:
D:7 [

Annotations:
D:7 Maggie
D:9 Erolcha


Innate Abilities, Weirdness & Mutations

You have an increased reservoir of magic. (+10% MP)


Message History

You shoot a bolt.
The bolt closely misses the two-headed ogre.
Fire: 59 bolts
Press: ? - help, Q - select action, (/) - cycle Shift-Dir - straight line, f/p - two-headed ogre
Aim: a two-headed ogre, wielding two +0 giant spiked clubs (moderately wounded, 81% to hit)
You shoot a bolt. The bolt hits the two-headed ogre!
The two-headed ogre is heavily wounded.
Fire: 58 bolts
Press: ? - help, Q - select action, (/) - cycle Shift-Dir - straight line, f/p - two-headed ogre
Aim: a two-headed ogre, wielding two +0 giant spiked clubs (heavily wounded, 81% to hit)
You shoot a bolt. The bolt hits the two-headed ogre!!
The two-headed ogre is severely wounded.
Your +3 falchion of holy wrath softly glows with a divine radiance!
u - a +3 falchion of holy wrath (weapon)
The two-headed ogre hits you with a +0 giant spiked club!!
The two-headed ogre misses you.
You barely miss the two-headed ogre.
The two-headed ogre is severely wounded.
The two-headed ogre hits you with a +0 giant spiked club!! x2
You die...

#########
.(((((O.#
#@# #.# #
#.# #.#
#.# ####.#
#....#
#.####
########.#


You could see a two-headed ogre.

Vanquished Creatures
  Grinder (D:4)
  Sigmund (D:2)
  Eustachio (D:6)
  Menkaure (D:4)
  Edmund (D:6)
  2 water moccasins (D:9)
  A black bear (D:9)
  3 ice beasts
  3 orc warriors
  A sky beast (D:5)
  5 ogres
  A phantom (D:4)
  A centaur (D:9)
  5 bullfrogs
  A wyvern skeleton (D:8)
  3 scorpions
  A water moccasin skeleton (D:5)
  5 wights (D:9)
  A hound (D:9)
  2 jellies
  A centaur skeleton (D:6)
  4 orc priests
  An iguana (D:9)
  4 orc wizards
  3 worker ants
  A hound zombie (D:9)
  2 hound skeletons
  A worker ant zombie (D:7)
  7 gnolls
  8 adders
  2 shadow imps
  2 ufetubi
  2 oozes
  An adder zombie (D:5)
  An adder skeleton (D:5)
  2 worms
  5 leopard geckos
  24 orcs
  7 bats
  4 goblins
  8 hobgoblins
  14 jackals
  8 kobolds
  3 quokkas (D:6)
  A ball python (D:3)
  3 frilled lizards
  2 quokka skeletons
  3 rats
164 creatures vanquished.

Vanquished Creatures (others)
  46 fungi (D:9)
  44 plants (D:9)
90 creatures vanquished.

Grand Total: 254 creatures vanquished

Notes
Turn   | Place    | Note
-------+----------+-------------------------------------------
     0 | D:1      | rhet the Demigod Hunter began the quest for the Orb.
     0 | D:1      | Reached XP level 1. HP: 17/17 MP: 3/3
    78 | D:1      | Reached skill level 1 in Stealth
   554 | D:1      | Reached XP level 2. HP: 24/24 MP: 4/4
  1091 | D:2      | Noticed Sigmund
  1412 | D:2      | Killed Sigmund
  1413 | D:2      | Reached skill level 4 in Crossbows
  1413 | D:2      | Reached XP level 3. HP: 11/30 MP: 5/5
  1413 | D:2      | Reached XP level 4. HP: 14/37 MP: 6/6
  1413 | D:2      | Reached XP level 5. HP: 16/42 MP: 7/7
  1551 | D:2      | Found a snail-covered altar of Cheibriados.
  1551 | D:2      | Found an iron altar of Okawaru.
  2111 | D:3      | Noticed an ice beast
  2123 | D:3      | HP: 1/44 [ice beast (14)]
  2127 | D:3      | Killed an ice beast
  2128 | D:3      | Reached skill level 5 in Crossbows
  2598 | D:3      | Reached XP level 6. HP: 35/51 MP: 8/8
  4423 | D:4      | Noticed Menkaure
  4425 | D:4      | Noticed Grinder
  4428 | D:4      | Killed Menkaure
  4429 | D:4      | Reached skill level 1 in Long Blades
  4429 | D:4      | Reached XP level 7. HP: 58/58 MP: 9/9
  4447 | D:4      | Paralysed by Grinder for 5 turns
  4455 | D:4      | Killed Grinder
  4911 | D:4      | Found a staircase to the Ecumenical Temple.
  4921 | D:4      | Reached skill level 6 in Crossbows
  5247 | Temple   | Entered the Ecumenical Temple
  5451 | D:4      | Found a stormy altar of Qazlal.
  5453 | D:4      | Found a blossoming altar of Fedhas.
  5510 | D:5      | Entered Level 5 of the Dungeon
  6417 | D:5      | Reached XP level 8. HP: 58/67 MP: 10/10
  6590 | D:6      | Noticed Eustachio
  6599 | D:6      | Killed Eustachio
  6600 | D:6      | Reached skill level 5 in Fighting
  7325 | D:6      | Noticed Edmund
  7339 | D:6      | Killed Edmund
  7971 | D:6      | Found a basalt altar of Yredelemnul.
  8001 | D:6      | Reached skill level 7 in Crossbows
  8267 | D:6      | Found a glowing golden altar of the Shining One.
  8340 | D:7      | Reached XP level 9. HP: 74/75 MP: 11/11
  8539 | D:7      | Reached skill level 5 in Stealth
  8640 | D:7      | Found Uluumem's Armour Shop.
  8682 | D:7      | Noticed Maggie
  8772 | D:7      | Reached skill level 5 in Dodging
  9037 | D:7      | Found a hide-covered altar of Uskayaw.
  9040 | D:7      | Noticed a +0 dagger
  9040 | D:7      | Noticed a +0 dagger
  9877 | D:8      | Found a sacrificial altar of Ru.
  9949 | D:9      | Reached skill level 5 in Long Blades
 10366 | D:9      | Found a broken altar of Ashenzari.
 10458 | D:9      | HP: 3/71 [orc warrior/+0 war axe (16)]
 10462 | D:9      | Found a staircase to the Lair.
 10492 | D:9      | Noticed Erolcha
 10503 | D:9      | Noticed a two-headed ogre
 10595 | D:9      | Slain by a two-headed ogre

Illustrated notes

Levels and vault maps discovered:
D:1:      dpeg_arrival_concentric_ovals, layout_basic
D:2:      layout_basic, amethyst_overflow_temple_binary, minmay_pentomino_q2,
          uniq_sigmund, uniq_natasha
D:3:      layout_basic, minmay_misc_feat_nine_boxes, minivault_4,
          kennysheep_path_1
D:4:      layout_basic, grunt_temple_overflow_forces_of_nature,
          minmay_temple_entry_nine_rooms, minmay_fountain_box, uniq_grinder,
          uniq_menkaure
D:5:      layout_cave_pools
D:6:      layout_loops_ring, basic_altar, tso_altar, uniq_edmund, uniq_eustachio
D:7:      layout_basic, dancing_weapons_uskayaw, serial_shops,
          nicolae_shop_stone, uniq_maggie
D:8:      layout_loops_cross, overflow_temple_1_default, basic_altar,
          okawaru_altar_gauntlet_db
D:9:      layout_basic, due_lair_maze_entry_diamond, basic_altar, uniq_joseph,
          uniq_erolcha
Temple:   kb_temple_of_zot

Skill      XL: |  1  2  3  4  5  6  7  8  9 |
---------------+----------------------------+-----
Stealth        | 1 2 3 4 5 |  5.8
Fighting       | 2 3 4 5 6 |  6.3
Dodging        | 2 3 4 5 |  5.4
Crossbows      | 4 5 6 7 |  7.6
Long Blades    | 1 2 4 5 |  5.7
Short Blades   | |  0.2
Maces & Flails | |  0.7

Action                   |  1- 3 |  4- 6 |  7- 9 || total
-------------------------+-------+-------+-------++-------
Melee: Short sword       |    38 |    46 |       ||    84
       Dagger            |       |   117 |       ||   117
       Falchion          |       |    46 |   364 ||   410
 Fire: Hand crossbow     |    13 |    28 |    49 ||    90
Evoke: Wand              |       |       |    10 ||    10
  Use: Scroll            |     4 |     5 |    14 ||    23
       Potion            |     3 |     1 |     8 ||    12
 Stab: Sleeping          |     1 |     2 |     4 ||     7
       Invisible         |     3 |       |       ||     3
       Distracted        |       |       |     1 ||     1
Armor: Leather armour    |     4 |    52 |    82 ||   138
Dodge: Dodged            |    18 |   165 |   323 ||   506
       Rpst.: Falchion   |       |     6 |    95 ||   101
